 Dungeon Crawl Stone Soup version 0.26.1-10-gdfb7c7de75 (webtiles) character file.

Game seed: 14228203278133306579

165 raph the Cutter (level 5, -1/36 HPs)
             Began as a Halfling Berserker on Apr 4, 2021.
             Was a Believer of Trog.
             Killed from afar by an orc wizard (7 damage)
             ... with a magic dart
             ... on level 3 of the Dungeon.
             The game lasted 00:05:22 (4187 turns).

raph the Cutter (Halfling Berserker)                Turns: 4187, Time: 00:05:23

Health: -1/36      AC:  5    Str: 18    XL:     5   Next: 74%
Magic:  5/5        EV: 15    Int:  5    God:    Trog [**....]
Gold:   176        SH:  0    Dex: 15    Spells: 4/4 levels left

rFire    . . .     SeeInvis .   b - +0 hunting sling
rCold    . . .     Faith    .   (shield restricted)
rNeg     . . .     Spirit   .   d - +0 leather armour
rPois    .         Reflect  .   c - +0 helmet
rElec    .         Harm     .   (no cloak)
rCorr    .         Rampage  .   f - +0 pair of gloves
Will     ++...                  (no boots)
Stlth    +.........             (no amulet)
HPRegen  1.12/turn              (no ring)
MPRegen  0.09/turn              (no ring)

@: very slightly contaminated, regenerating
A: small, mutation resistance 1
a: Renounce Religion, Berserk, Trog's Hand


You were on level 3 of the Dungeon.
You worshipped Trog.
Trog was pleased with you.
You visited 1 branch of the dungeon, and saw 4 of its levels.

You collected 176 gold pieces.

Inventory:

Hand Weapons
 a - a +0 short sword
 b - a +0 hunting sling (weapon)
Missiles
 m - 55 sling bullets (quivered ammo)
 n - 109 stones
Armour
 c - a +0 helmet (worn)
 d - a +0 leather armour (worn)
 f - a +0 pair of gloves (worn)
Jewellery
 i - an uncursed ring of ice
Scrolls
 e - a scroll of fear {unknown}
 g - 3 scrolls of remove curse {unknown}
 h - a scroll of teleportation {unknown}
 j - 5 scrolls of identify {unknown}
 q - 2 scrolls of enchant weapon {unknown}
 r - 2 scrolls of enchant armour {unknown}
Potions
 l - 2 potions of flight {unknown}
 o - a potion of heal wounds {unknown}
 p - a potion of curing {unknown}


   Skills:
 - Level 3.3 Fighting
 * Level 5.4 Short Blades
 * Level 0.5 Slings
 - Level 3.2 Armour
 - Level 3.2 Dodging


You had 4 spell levels left.
You didn't know any spells.
Your spell library was empty.

Dungeon Overview and Level Annotations

Branches:
Dungeon (4/15)
 Temple: D:4-7

Altars:
Okawaru
Qazlal
Xom


Innate Abilities, Weirdness & Mutations

You are small and have problems with some larger weapons.
You are somewhat resistant to further mutation.


Message History

Press: ? - help, Q - select action, (/) - cycle Shift-Dir - straight line, f/p - orc wizard
Aim: an orc wizard, wielding a -1 dagger and wearing a +0 robe (almost dead, 51% to hit)
You shoot a sling bullet.
The sling bullet closely misses the orc wizard.
The orc wizard casts a spell at you. The magic dart hits you.
* * * LOW HITPOINT WARNING * * *
Fire: 57 sling bullets
Press: ? - help, Q - select action, (/) - cycle Shift-Dir - straight line, f/p - orc wizard
Aim: an orc wizard, wielding a -1 dagger and wearing a +0 robe (almost dead, 51% to hit)
You shoot a sling bullet.
The sling bullet closely misses the orc wizard.
Fire: 56 sling bullets
Press: ? - help, Q - select action, (/) - cycle Shift-Dir - straight line, f/p - orc wizard
Aim: an orc wizard, wielding a -1 dagger and wearing a +0 robe (severely wounded, 51% to hit)
You shoot a sling bullet.
The sling bullet closely misses the orc wizard.
The orc wizard gestures at you while chanting.
The magic dart hits you!
You die...

.....+....#.#########...####.#...
.....##...#.# ##########.####
...(.##.....#######.8..8.8##'####
#+#..............##8_..._.#.....#
........#.........#.......#####.#
..................#8.........8#.#
........##........#...........'.#
........##.>..รท...#8.........8###
........###.....@.#.......#####
........# #.......#8...._.#
........# #.......#.8..8.8#
........####..o...#########
..........##.......).#
####......##..(......#
..##......##.........#
..''......##((.......#
..##......##.........#


You could see an orc wizard.

Vanquished Creatures
  4 gnolls (D:3)
  5 adders (D:2)
  2 oozes
  A worm (D:2)
  2 dart slugs
  2 leopard geckos
  2 orcs (D:3)
  4 giant cockroaches
  4 goblins
  11 hobgoblins
  2 jackals (D:1)
  2 quokkas
  A ball python (D:3)
  8 bats
  4 frilled lizards
  3 kobolds
  10 rats
67 creatures vanquished.

Vanquished Creatures (others)
  5 plants (D:2)
5 creatures vanquished.

Grand Total: 72 creatures vanquished

Notes
Turn   | Place    | Note
-------+----------+-------------------------------------------
     0 | D:1      | raph the Halfling Berserker began the quest for the Orb.
     0 | D:1      | Reached XP level 1. HP: 15/15 MP: 1/1
   185 | D:1      | Reached XP level 2. HP: 20/20 MP: 2/2
   218 | D:1      | Reached skill level 4 in Short Blades
   447 | D:1      | Reached XP level 3. HP: 23/25 MP: 3/3
   735 | D:1      | Reached ** piety under Trog
  1445 | D:2      | Reached XP level 4. HP: 25/31 MP: 4/4
  2250 | D:2      | Reached XP level 5. HP: 13/36 MP: 5/5
  2608 | D:2      | Reached skill level 5 in Short Blades
  3860 | D:3      | Found an ancient bone altar of Kikubaaqudgha.
  3862 | D:3      | Found a shimmering altar of Xom.
  3862 | D:3      | Found a shimmering altar of Xom.
  3864 | D:3      | Found a glowing golden altar of the Shining One.
  3864 | D:3      | Found a glowing golden altar of the Shining One.
  3864 | D:3      | Found an iron altar of Okawaru.
  4078 | D:3      | Found a stormy altar of Qazlal.
  4145 | D:4      | Noticed a phantom
  4187 | D:3      | Killed from afar by an orc wizard

Illustrated notes

Levels and vault maps discovered:
D:1:      amcnicky_arrival_single_pillar, layout_loops_ring
D:2:      cheibrodos_old_hovel, layout_loops_ring
D:3:      layout_basic, overflow_temple_1_default, hangedman_decor_push,
          doesnt_xom_only_xom
D:4:      layout_basic

Skill      XL: |  1  2  3  4  5 |
---------------+----------------+-----
Short Blades   | 4 5 |  5.4
Fighting       | 3 |  3.3
Armour         | 3 |  3.2
Dodging        | 3 |  3.2
Slings         | |  0.5

Action                   |  1- 3 |  4- 6 || total
-------------------------+-------+-------++-------
Melee: Short sword       |   103 |   137 ||   240
 Fire: Hunting sling     |     5 |    37 ||    42
Invok: Berserk           |     2 |     5 ||     7
       Trog's Hand       |       |     2 ||     2
  Use: Potion            |       |     1 ||     1
Armor: Leather armour    |    26 |    39 ||    65
       Animal skin       |     2 |       ||     2
Dodge: Dodged            |    92 |   114 ||   206
